 Dungeon Crawl Stone Soup version 0.21.1-1-g345015f (webtiles) character file.

295 inc the Skirmisher (level 6, 42/45 HPs)
             Began as an Octopode Earth Elementalist on Apr 21, 2018.
             Quit the game on level 4 of the Dungeon.
             The game lasted 00:04:54 (2888 turns).

inc the Skirmisher (Octopode Earth Elementalist)    Turns: 2888, Time: 00:04:55

Health: 42/45      AC:  1    Str:  7    XL:     6   Next: 34%
Magic:  9/9        EV: 12    Int: 19    God:
Gold:   47         SH:  1    Dex: 13    Spells: 8/9 levels left

rFire    . . .     SeeInvis .   a - +0 dagger
rCold    . . .     Gourm    .   y - -2 buckler (curse)
rNeg     . . .     Faith    .   (helmet restricted)
rPois    .         Spirit   .   (no amulet)
rElec    .         Reflect  .   (no ring)
rCorr    .         Harm     .   (no ring)
MR       .....                  (no ring)
Stlth    +++.......             (no ring)
HPRegen  0.15/turn              (no ring)
MPRegen  0.11/turn              (no ring)
                                (no ring)
                                (no ring)

@: no status effects
A: almost no armour, stealthy swim, amphibious, 8 rings, constrict 8, camouflage
1, gelatinous body 1
a: no special abilities


You were on level 4 of the Dungeon.
You were hungry.

You visited 1 branch of the dungeon, and saw 4 of its levels.

You collected 212 gold pieces.
You spent 165 gold pieces at shops.

Inventory:

Hand Weapons
 a - a +0 dagger (weapon)
Missiles
 b - 125 stones (quivered)
Armour
 y - a cursed -2 buckler (worn)
Jewellery
 m - an uncursed ring of positive energy {unknown}
 x - a cursed ring of loudness {unknown}
Wands
 p - a wand of random effects (19)
Scrolls
 e - a scroll of blinking {unknown}
 f - 2 scrolls of teleportation {unknown}
 g - 2 scrolls of noise {unknown}
 h - 3 scrolls of identify {unknown}
 k - a scroll of random uselessness {unknown}
 l - a scroll of fear {unknown}
 n - a scroll of magic mapping {unknown}
 o - a scroll of remove curse {unknown}
 r - a scroll of enchant weapon {unknown}
 t - a scroll of fog {unknown}
Potions
 i - a potion of curing {unknown}
 j - a potion of mutation {unknown}
 q - a potion of flight {unknown}
 s - a potion of degeneration {unknown}
 u - a potion of haste {unknown}
 v - a potion of brilliance {unknown}
Books
 d - a book of Geomancy

   Spells                             Type                      Level
   a - Sandblast                      Earth                        1
   b - Passwall                       Transmutation/Earth          2
   c - Stone Arrow                    Conjuration/Earth            3
   d - Petrify                        Transmutation/Earth          4
   e - Lee's Rapid Deconstruction     Earth                        5
Comestibles
 c - 10 rations
 w - a chunk of flesh


   Skills:
 + Level 5.4 Fighting
 - Level 2.0 Dodging
 - Level 2.6 Stealth
 - Level 2.0 Spellcasting
   Level 1.0 Transmutations
 - Level 3.9 Earth Magic


You had 8 spell levels left.
You knew the following spells:

 Your Spells              Type           Power        Failure   Level  Hunger
a - Sandblast             Erth           ###...       5%          1    #......


Dungeon Overview and Level Annotations

Branches:
Dungeon (4/15)
 Temple: D:4-7

Altars:
Ashenzari
Ru
Vehumet

Shops:
D:4 *[


Innate Abilities, Weirdness & Mutations

You cannot wear most types of armour.
You are very stealthy in the water. (Stealth+)
You are amphibious.
You can wear up to eight rings at the same time.
You can use your tentacles to constrict eight enemies at once.
Your skin changes colour to match your surroundings (Stealth+).
Your rubbery body absorbs attacks. (AC +1, EV +1)


Message History

Found a stone staircase leading down.
x - a large onyx ring
There is a stone staircase leading up here.
There is an entrance to Cebaud's Antique Armour Emporium here.
You now have 212 gold pieces (gained 7).
There is an entrance to Cebaud's Antique Armour Emporium here.
f - 2 scrolls labeled NANAWEUSKOU (gained 1)
There is an entrance to Cebaud's Antique Armour Emporium here.
y - a glowing buckler Thank you for shopping at Cebaud's Antique Armour Emporium!
Okay, then.
Wield which item (- for none, * to show all)? (? for menu, Esc to quit)
Okay, then.
Wear which item? (? for menu, Esc to quit)
You start putting on your armour.
You continue putting on your glowing buckler. x4
You finish putting on your cursed -2 buckler.
Oops, that feels deathly cold.
Search for what [Enter for "alta", or ? for help]? shield Are you sure you want to abandon this character and quit the game? (Confirm with "yes".)

.....# .....## ......###
#### ........##....
.....#.....# ########
...........###......## .
....<#...............## ..
.....#.....#...#.#....#.#
.....#..........@.......#
#.##.#.##..#>..#.#....####
#.##.#.##..#†.........>..#
#.##.#.###..†.........##.
#.##.#...#......<....###
#.##.#.#...#............
#.# .#.#.∩.#......).....#
#......................##
.......#............##


There were no monsters in sight!

Vanquished Creatures
  A bullfrog (D:4)
  A bullfrog skeleton (D:4)
  An orc wizard (D:3)
  Terence (D:2)
  Natasha (twice) (D:2)
  2 adders (D:2)
  An adder skeleton (D:4)
  3 dart slugs
  A worm (D:2)
  3 leopard geckos
  5 orcs
  6 giant cockroaches
  8 goblins
  7 hobgoblins
  A quokka (D:2)
  A ball python (D:2)
  5 bats
  3 frilled lizards
  6 kobolds
  4 rats
62 creatures vanquished.

Notes
Turn   | Place    | Note
-------+----------+-------------------------------------------
     0 | D:1      | inc the Octopode Earth Elementalist began the quest for the Orb.
     0 | D:1      | Reached XP level 1. HP: 11/11 MP: 3/3
   346 | D:1      | Reached XP level 2. HP: 17/17 MP: 5/5
  1274 | D:2      | Noticed Terence
  1282 | D:2      | Noticed Natasha
  1288 | D:2      | Noticed a crimson imp
  1291 | D:2      | Killed Terence
  1291 | D:2      | Reached skill level 1 in Fighting
  1291 | D:2      | Reached XP level 3. HP: 8/24 MP: 1/6
  1294 | D:2      | Killed Natasha
  1294 | D:2      | Reached skill level 2 in Fighting
  1294 | D:2      | Reached XP level 4. HP: 10/30 MP: 1/7
  1651 | D:2      | Noticed Natasha
  1659 | D:2      | Killed Natasha
  1659 | D:2      | Reached skill level 3 in Fighting
  1800 | D:2      | Reached XP level 5. HP: 36/36 MP: 6/8
  2067 | D:3      | Found a radiant altar of Vehumet.
  2197 | D:3      | Reached skill level 4 in Fighting
  2317 | D:3      | Found a shattered altar of Ashenzari.
  2421 | D:3      | Found a sacrificial altar of Ru.
  2607 | D:3      | Reached XP level 6. HP: 16/45 MP: 1/9
  2814 | D:4      | Reached skill level 5 in Fighting
  2840 | D:4      | Found Cebaud's Antique Armour Emporium.
  2841 | D:4      | Found Jaizoimp's Assorted Antiques.
  2883 | D:4      | Bought a glowing buckler for 165 gold pieces
  2888 | D:4      | Quit the game

Skill      XL: |  1  2  3  4  5  6 |
---------------+-------------------+-----
Fighting       | 1 2 3 4 5 |  5.4
Dodging        | |  2.0
Stealth        | |  2.6
Spellcasting   | |  2.0
Transmutations | |  1.0
Earth Magic    | |  3.9

Action                   |  1- 3 |  4- 6 || total
-------------------------+-------+-------++-------
Melee: Dagger            |    39 |    48 ||    87
       Constrict         |    14 |    13 ||    27
       Unarmed           |     2 |       ||     2
       Tentacles         |     7 |     6 ||    13
 Cast: Sandblast         |     8 |    36 ||    44
  Use: Potion            |     1 |       ||     1
 Stab: Sleeping          |     6 |     5 ||    11
  Eat: Chunk             |     1 |     5 ||     6
Armor: Skin              |     4 |     7 ||    11
Dodge: Dodged            |    24 |    41 ||    65
